[Event "79th Tata Steel Chess 2017-Challengers"]
[Site "Wijk aan Zee"]
[Date "2017.01.14"]
[Round "1"]
[White "Bok, Benjamin"]
[Black "Lei, Tingjie"]
[Result "1-0"]
[ECO "D46"]
[WhiteElo "2608"]
[BlackElo "2467"]
[Annotator "ChessBase"]
[PlyCount "79"]
[EventDate "2017.??.??"]
[EventType "tourn"]
[EventCountry "NED"]
[SourceTitle "playchess.com"]
[Source "ChessBase"]
[TimeControl "40/6000+30:20/3000+30:900+30"]

1. Nf3 Nf6 2. c4 c6 3. Nc3 d5 4. e3 e6 5. d4 Nbd7 6. Qc2 Bd6 7. Bd3 O-O 8. O-O dxc4 9. Bxc4 b5 10. Be2 Bb7 11. Rd1 Qc7 12. Bd2 b4 13. Na4 c5 14. dxc5 a5 15. Bc3 Bxh2+ 16. Nxh2 bxc3 17. Qxc3 Bc6 18. Nb6 Nxb6 19. cxb6 Qb7 20. Rac1 Bd5 21. Qd4 Rab8 22. b3 Qxb6 23. Qxb6 Rxb6 24. f3 Rb4 25. e4 Bb7 26. Rc7 Ra8 27. a4 g5 28. Rc3 Ba6 29. Bxa6 Rxa6 30. Nf1 Nh5 31. Kf2 Rab6 32. Rd8+ Kg7 33. Nd2 Ra6 34. Rc7 Nf6 35. Nc4 Rxb3 36. Ne5 Rb2+ 37. Kg1 Rb1+ 38. Kh2 Nh5 39. Rxf7+ Kh6 40. Rg8 1-0

[Event "79th Tata Steel Chess 2017-Challengers"]
[Site "Wijk aan Zee"]
[Date "2017.01.14"]
[Round "1"]
[White "Guramishvili, Sopiko"]
[Black "Lu, Shanglei"]
[Result "1/2-1/2"]
[ECO "B90"]
[WhiteElo "2370"]
[BlackElo "2612"]
[Annotator "ChessBase"]
[PlyCount "82"]
[EventDate "2017.??.??"]
[EventType "tourn"]
[EventCountry "NED"]
[SourceTitle "playchess.com"]
[Source "ChessBase"]
[TimeControl "40/6000+30:20/3000+30:900+30"]

1. e4 c5 2. Nf3 d6 3. d4 cxd4 4. Nxd4 Nf6 5. Nc3 a6 6. Be3 e5 7. Nf3 Be7 8. Bc4 Be6 9. Bxe6 fxe6 10. Ng5 Qd7 11. Qf3 Nc6 12. Qh3 d5 13.
Nxe6 d4 14. Nd5 dxe3 15. O-O-O Nd4 16. Ndc7+ Kf7 17. fxe3 Qxe6 18. Nxe6 Nxe6 19. Rhf1 h5 20. Qf5 Rac8 21.
Qxe5 Rc5 22. Rd5 Rhc8 23. Qxh5+ Kg8 24. Qe5 Rxc2+ 25. Kb1 R8c6 26. Qb8+ Kh7 27. Qxb7 Rc7 28. Qb3 Rxg2 29. Qd3 Kh8 30. Qxa6 Nc5 31. Qa8+ Kh7 32. Rxc5 Rxc5 33. e5 Rcc2 34. Qb7 Ng4 35. Qxe7 Rxb2+ 36. Ka1 Rxa2+ 37. Kb1 Rab2+ 38. Ka1 Ra2+ 39. Kb1 Rgb2+ 40. Kc1 Rxh2 41. Kb1 Rab2+ 1/2-1/2

[Event "79th Tata Steel Chess 2017-Challengers"]
[Site "Wijk aan Zee"]
[Date "2017.01.14"]
[Round "1"]
[White "Jones, Gawain C B"]
[Black "Grandelius, Nils"]
[Result "1/2-1/2"]
[ECO "C45"]
[WhiteElo "2665"]
[BlackElo "2642"]
[Annotator "ChessBase"]
[PlyCount "40"]
[EventDate "2017.??.??"]
[EventType "tourn"]
[EventCountry "NED"]
[SourceTitle "playchess.com"]
[Source "ChessBase"]
[TimeControl "40/6000+30:20/3000+30:900+30"]

1. e4 e5 2. Nf3 Nc6 3. d4 exd4 4. Nxd4 Bc5 5. Nxc6 bxc6 6.
Bd3 d6 7. O-O Nf6 8. h3 Nd7 9. Nc3 O-O 10. Na4 Qh4 11. b3 Bd4 12. c3 Bf6 13.
Bd2 Ne5 14. Bc2 Bxh3 15. gxh3 Qxh3 16. f3 Qg3+ 17. Kh1 Qh3+ 18. Kg1 Qg3+ 19. Kh1 Qh3+ 20. Kg1 Qg3+ 1/2-1/2

[Event "79th Tata Steel Chess 2017-Challengers"]
[Site "Wijk aan Zee"]
[Date "2017.01.14"]
[Round "1"]
[White "Ragger, Markus"]
[Black "Xiong, Jeffery"]
[Result "1-0"]
[ECO "B90"]
[WhiteElo "2697"]
[BlackElo "2667"]
[Annotator "ChessBase"]
[PlyCount "81"]
[EventDate "2017.??.??"]
[EventType "tourn"]
[EventCountry "NED"]
[SourceTitle "playchess.com"]
[Source "ChessBase"]
[TimeControl "40/6000+30:20/3000+30:900+30"]

1. e4 c5 2. Nf3 d6 3. d4 Nf6 4. Nc3 cxd4 5. Nxd4 a6 6. h3 e5 7. Nde2 b5 8. Ng3 Qc7 9. Bd3 Be6 10. O-O Nbd7 11. f4 Be7 12. Qf3 O-O 13.
Kh1 Qc6 14. f5 Bc4 15. Bg5 Rac8 16. Nh5 b4 17. Bxf6 Nxf6 18. Nxf6+ Bxf6 19. Bxc4 Qxc4 20. Nd5 Qxc2 21. b3 a5 22. Qe3 Kh8 23. Rac1 Qxa2 24. Nxf6 Rxc1 25. Rxc1 gxf6 26. Qh6 Kg8 27. Qxf6 Qd2 28. Rf1 Re8 29. Rf3 a4 30. Rg3+ Kf8 31. Qg7+ Ke7 32. f6+ Kd8 33. Qxf7 a3 34. Qa7 Qc1+ 35. Kh2 Qf4 36. Qb8+ Kd7 37. Qb5+ Kd8 38. Qxb4 h5 39. Qxd6+ Kc8 40. Qc6+ Kd8 41. f7 1-0

[Event "79th Tata Steel Chess 2017-Challengers"]
[Site "Wijk aan Zee"]
[Date "2017.01.14"]
[Round "1"]
[White "Smirin, Ilia"]
[Black "Dobrov, Vladimir"]
[Result "1/2-1/2"]
[ECO "B70"]
[WhiteElo "2667"]
[BlackElo "2499"]
[Annotator "ChessBase"]
[PlyCount "68"]
[EventDate "2017.??.??"]
[EventType "tourn"]
[EventCountry "NED"]
[SourceTitle "playchess.com"]
[Source "ChessBase"]
[TimeControl "40/6000+30:20/3000+30:900+30"]

1. e4 c5 2. Nf3 d6 3. d4 cxd4 4. Nxd4 Nf6 5. Nc3 a6 6. f4 Qc7 7. a4 g6 8. Be2 Bg7 9. O-O O-O 10. Kh1 Nbd7 11. Be3 Nb6 12. Qd3 e5 13. Nb3 d5 14. fxe5 Nxe4 15. a5 Nc4 16. Nxe4 Nxe3 17. Nf6+ Bxf6 18. exf6 Re8 19. Rf2 Bf5 20. Qd4 Qxc2 21. Nc5 Be4 22. Kg1 Nf5 23. Qb4 Rec8 24. Na4 Rc7 25. Nc3 Qd2 26. Bxa6 Qd4 27. Qxd4 Nxd4 28. Bf1 Rc5 29. Ra4 Nc6 30. Nxe4 dxe4 31. Rxe4 Rcxa5 32. b4 Re5 33. Rxe5 Nxe5 34. Rd2 h5 1/2-1/2

[Event "79th Tata Steel Chess 2017-Challengers"]
[Site "Wijk aan Zee"]
[Date "2017.01.14"]
[Round "1"]
[White "Tari, Aryan"]
[Black "Hansen, Eric"]
[Result "1/2-1/2"]
[ECO "C96"]
[WhiteElo "2584"]
[BlackElo "2603"]
[Annotator "ChessBase"]
[PlyCount "98"]
[EventDate "2017.??.??"]
[EventType "tourn"]
[EventCountry "NED"]
[SourceTitle "playchess.com"]
[Source "ChessBase"]
[TimeControl "40/6000+30:20/3000+30:900+30"]

1. e4 e5 2. Nf3 Nc6 3. Bb5 a6 4. Ba4 Nf6 5. O-O Be7 6. Re1 b5 7. Bb3 d6 8. c3 O-O 9. h3 Na5 10. Bc2 c5 11. d4 Nd7 12. Nbd2 Re8 13.
d5 Nb6 14. Nf1 Nb7 15. Ng3 g6 16. b3 c4 17. Be3 cxb3 18. axb3 Bd7 19. Nh2 a5 20. Ng4 Bg5 21. Qd2 Bxe3 22. Qxe3 Rc8 23. Nf5 Kh8 24. Nfh6 Rf8 25. f4 Bxg4 26. fxe5 dxe5 27. Nxg4 Nd7 28. Rf1 h5 29. Nh2 Kg7 30. Rf3 Qb6 31. Qxb6 Nxb6 32. Bd3 Nd6 33. Rxa5 Rxc3 34. Bf1 Rc1 35. Ra6 Nbc8 36. Re3 f5 37. exf5 Nxf5 38. Rxe5 Ng3 39. Rg5 Ne2+ 40. Kh1 Rf6 41. Rc6 Rfxc6 42. dxc6 Nd6 43. g4 Nf4 44. gxh5 Ne4 45. Rxb5 Nf2+ 46. Kg1 N2xh3+ 47. Kh1 Nf2+ 48. Kg1 N2h3+ 49. Kh1 Nf2+ 1/2-1/2

[Event "79th Tata Steel Chess 2017-Challengers"]
[Site "Wijk aan Zee"]
[Date "2017.01.14"]
[Round "1"]
[White "Van Foreest, Jorden"]
[Black "L'Ami, Erwin"]
[Result "1-0"]
[ECO "B19"]
[WhiteElo "2612"]
[BlackElo "2605"]
[Annotator "ChessBase"]
[PlyCount "79"]
[EventDate "2017.??.??"]
[EventType "tourn"]
[EventCountry "NED"]
[SourceTitle "playchess.com"]
[Source "ChessBase"]
[TimeControl "40/6000+30:20/3000+30:900+30"]

1. e4 c6 2. d4 d5 3. Nd2 dxe4 4. Nxe4 Bf5 5. Ng3 Bg6 6. h4 h6 7. Nf3 Nd7 8. h5 Bh7 9. Bd3 Bxd3 10. Qxd3 e6 11. Bd2 Ngf6 12. O-O-O Be7 13. Kb1 Rc8 14. Ne4 c5 15. Nxf6+ Bxf6 16. d5 Qb6 17. c3 c4 18. Qe4 e5 19. Be3 Qd6 20. Nd4 Nc5 21. Qg4 Qd7 22. Nf5 Nd3 23.
Nxg7+ Bxg7 24. Qxg7 Ke7 25. Bc5+ Rxc5 26. Qxh8 Qf5 27. Ka1 Rxd5 28. Qxh6 Qxf2 29. Qg5+ f6 30. Qg7+ Ke6 31. Qxb7 Qb6 32. Qxb6+ axb6 33. h6 Rd8 34. h7 Rh8 35. Rh6 b5 36. Rf1 Nf4 37. g3 Nd5 38. g4 Kf7 39. g5 Kg7 40. Rhh1 1-0

[Event "79th Tata Steel Chess 2017-Challengers"]
[Site "Wijk aan Zee"]
[Date "2017.01.15"]
[Round "2"]
[White "Dobrov, Vladimir"]
[Black "Tari, Aryan"]
[Result "1/2-1/2"]
[ECO "D96"]
[WhiteElo "2499"]
[BlackElo "2584"]
[Annotator "ChessBase"]
[PlyCount "79"]
[EventDate "2017.??.??"]
[EventType "tourn"]
[EventCountry "NED"]
[SourceTitle "playchess.com"]
[Source "ChessBase"]
[TimeControl "40/6000+30:20/3000+30:900+30"]

1. Nf3 Nf6 2. d4 g6 3. c4 Bg7 4. Nc3 d5 5. Qb3 dxc4 6. Qxc4 Be6 7. Qa4+ Bd7 8. Qc2 c5 9. d5 e6 10. dxe6 Bxe6 11. Ng5 Bd7 12. Bf4 O-O 13. Bd6 Bf5 14. Qd2 Re8 15. e4 Nxe4 16. Ncxe4 h6 17. O-O-O hxg5 18. Nxg5 Nc6 19. Bc4 Ne5 20. Bxe5 Qxd2+ 21. Rxd2 Bxe5 22. Bxf7+ Kg7 23. Bxe8 Bf4 24. g3 Bxd2+ 25. Kxd2 Rd8+ 26. Kc3 Rxe8 27. f3 Re2 28. g4 Rc2+ 29. Kb3 Bd3 30. h4 b5 31. a4 bxa4+ 32. Ka3 Re2 33. Kxa4 Rxb2 34. Ne6+ Kg8 35. Nxc5 Bb5+ 36. Ka3 Rf2 37. Kb4 Bc6 38. Rd1 Rxf3 39. Rd8+ Rf8 40. Rxf8+ 1/2-1/2

[Event "79th Tata Steel Chess 2017-Challengers"]
[Site "Wijk aan Zee"]
[Date "2017.01.15"]
[Round "2"]
[White "Grandelius, Nils"]
[Black "L'Ami, Erwin"]
[Result "1/2-1/2"]
[ECO "C07"]
[WhiteElo "2642"]
[BlackElo "2605"]
[Annotator "ChessBase"]
[PlyCount "73"]
[EventDate "2017.??.??"]
[EventType "tourn"]
[EventCountry "NED"]
[SourceTitle "playchess.com"]
[Source "ChessBase"]
[TimeControl "40/6000+30:20/3000+30:900+30"]

1. e4 e6 2. d4 d5 3. Nd2 c5 4. Ngf3 cxd4 5. Nxd4 Nf6 6. exd5 Qxd5 7. Nb5 Na6 8. Nc3 Qd8 9. a3 Be7 10. Qf3 Nc7 11. Bd3 Ncd5 12. Nde4 O-O 13. Bd2 Nxe4 14. Bxe4 Nxc3 15. Bxc3 Bf6 16. Bxf6 Qxf6 17. Qxf6 gxf6 18. O-O-O f5 19. Bf3 e5 20. Rhe1 e4 21. Bh5 Kg7 22. Rd4 Be6 23. f4 Kf6 24. Kd2 Rac8 25. Re2 Rfd8 26. Rxd8 Rxd8+ 27. Ke1 Rd6 28. Rd2 Rb6 29. b3 Rc6 30. Kd1 Ke7 31. Be2 Bc8 32. Rd5 Rh6 33. Rc5 Kd8 34. Rd5+ Ke7 35. Rc5 Kd8 36. Rd5+ Ke7 37. Rc5 1/2-1/2

[Event "79th Tata Steel Chess 2017-Challengers"]
[Site "Wijk aan Zee"]
[Date "2017.01.15"]
[Round "2"]
[White "Hansen, Eric"]
[Black "Bok, Benjamin"]
[Result "1/2-1/2"]
[ECO "B94"]
[WhiteElo "2603"]
[BlackElo "2608"]
[Annotator "ChessBase"]
[PlyCount "51"]
[EventDate "2017.??.??"]
[EventType "tourn"]
[EventCountry "NED"]
[SourceTitle "playchess.com"]
[Source "ChessBase"]
[TimeControl "40/6000+30:20/3000+30:900+30"]

1. e4 c5 2. Nf3 d6 3. d4 cxd4 4. Nxd4 Nf6 5. Nc3 a6 6. Bg5 Nbd7 7. Qe2 h6 8. Bxf6 Nxf6 9. O-O-O e5 10. Nf5 g6 11. Ne3 Be6 12. g3 Rc8 13. Rd3 h5 14. Bg2 Bh6 15. Kb1 O-O 16. Rhd1 Qa5 17. Ncd5 Nxd5 18. Nxd5 Rc5 19. a3 Kg7 20. b4 Qb5 21. a4 Qxa4 22. bxc5 Qb5+ 23. Ka1 Qa4+ 24. Kb1 Qb5+ 25. Ka1 Qa4+ 26. Kb1 1/2-1/2

[Event "79th Tata Steel Chess 2017-Challengers"]
[Site "Wijk aan Zee"]
[Date "2017.01.15"]
[Round "2"]
[White "Jones, Gawain C B"]
[Black "Guramishvili, Sopiko"]
[Result "1-0"]
[ECO "B51"]
[WhiteElo "2665"]
[BlackElo "2370"]
[Annotator "ChessBase"]
[PlyCount "69"]
[EventDate "2017.??.??"]
[EventType "tourn"]
[EventCountry "NED"]
[SourceTitle "playchess.com"]
[Source "ChessBase"]
[TimeControl "40/6000+30:20/3000+30:900+30"]

1. e4 c5 2. Nf3 d6 3. Bb5+ Nd7 4. O-O a6 5. Bd3 Ngf6 6. c3 b5 7. Bc2 Bb7 8. Qe2 e6 9. d4 Be7 10. Re1 d5 11. e5 Ne4 12. Nbd2 Nxd2 13. Bxd2 g5 14. dxc5 Nxc5 15. Be3 Nd7 16. a4 bxa4 17. Bxa4 h5 18.
Qd2 Rg8 19. Qd3 Rg7 20. b4 h4 21. Bc5 Rc8 22. Qe3 Kf8 23.
Bxe7+ Qxe7 24. Qa7 Rc7 25. Nd4 Qd8 26. Bxd7 Qxd7 27. b5 axb5 28. Qb6 Bc6 29. Ra6 Bb7 30. Ra7 Qc8 31. Nxb5 Rd7 32. Nd6 Qxc3 33. Ra8+ Bxa8 34. Qb8+ Ke7 35. Qe8# 1-0

[Event "79th Tata Steel Chess 2017-Challengers"]
[Site "Wijk aan Zee"]
[Date "2017.01.15"]
[Round "2"]
[White "Lu, Shanglei"]
[Black "Smirin, Ilia"]
[Result "0-1"]
[ECO "B80"]
[WhiteElo "2612"]
[BlackElo "2667"]
[Annotator "ChessBase"]
[PlyCount "74"]
[EventDate "2017.??.??"]
[EventType "tourn"]
[EventCountry "NED"]
[SourceTitle "playchess.com"]
[Source "ChessBase"]
[TimeControl "40/6000+30:20/3000+30:900+30"]

1. e4 c5 2. Nf3 e6 3. g3 Nc6 4. Bg2 Nf6 5. Nc3 d6 6. O-O Be7 7. d4 cxd4 8.
Nxd4 Bd7 9. h3 O-O 10. Nde2 Rb8 11. g4 h6 12. Be3 b5 13. Ng3 Qc7 14. f4 Na5 15. g5 hxg5 16. fxg5 Nh7 17. h4 Nc4 18. Bd4 d5 19. Nf5 Bc5 20. Kh1 b4 21. Bxg7 bxc3 22. Bxc3 exf5 23. g6 fxg6 24. Qxd5+ Rf7 25. exf5 gxf5 26. Qxc4 Bb5 27. Qd5 Bxf1 28.
Rxf1 Rd8 29. Rxf5 Bb6 30. Qe6 Rd1+ 31. Bf1 Qe7 32. Qg6+ Kf8 33. Qh6+ Ke8 34. Qc6+ Qd7 35. Qa8+ Bd8 36. Qe4+ Re7 37. Qg2 Qxf5 0-1

[Event "79th Tata Steel Chess 2017-Challengers"]
[Site "Wijk aan Zee"]
[Date "2017.01.15"]
[Round "2"]
[White "Lei, Tingjie"]
[Black "Ragger, Markus"]
[Result "0-1"]
[ECO "A58"]
[WhiteElo "2467"]
[BlackElo "2697"]
[Annotator "ChessBase"]
[PlyCount "119"]
[EventDate "2017.??.??"]
[EventType "tourn"]
[EventCountry "NED"]
[SourceTitle "playchess.com"]
[Source "ChessBase"]
[TimeControl "40/6000+30:20/3000+30:900+30"]

1. d4 Nf6 2. c4 g6 3. g3 c5 4. d5 b5 5. cxb5 a6 6. bxa6 d6 7. Nc3 Bg7 8. Bg2 Nbd7 9. Nf3 Nb6 10. O-O O-O 11. Nd2 Bxa6 12. Qc2 Bb7 13. e4 Ba6 14. Rd1 Ng4 15. Nf3 Nc4 16. h3 Nge5 17. Nxe5 Nxe5 18. b3 Qa5 19. Bd2 Bd3 20. Qc1 Rfc8 21. f4 Nd7 22. Na4 Qa7 23. Be3 Qa6 24. Nb2 c4 25. bxc4 Bxc4 26. Qd2 Bxa2 27. e5 Qb5 28. Rdc1 Bb3 29. Rxa8 Rxa8 30. Nd1 Rd8 31. exd6 exd6 32. Bd4 Bxd4+ 33. Qxd4 Bxd1 34. Qxd1 Nc5 35. Rb1 Qc4 36. Qd2 Ra8 37. Rc1 Qb3 38. Rc3 Qb4 39. Rc2 Ra1+ 40. Kh2 Qb1 41. Qf2 Qe1 42. Qxe1 Rxe1 43. Bf3 Re3 44. Kg2 Nd3 45. Rc8+ Kg7 46. Bd1 Nb4 47. Rc4 Nxd5 48. Rd4 Ne7 49. g4 d5 50. Bf3 Re6 51. Kf2 Rc6 52. Ke3 Rc5 53. Kd2 Ra5 54. Ke3 h6 55.
Rd3 g5 56. f5 Kf6 57. Rb3 Ra6 58. Rb7 h5 59. Ke2 Rd6 60. Rc7 0-1

[Event "79th Tata Steel Chess 2017-Challengers"]
[Site "Wijk aan Zee"]
[Date "2017.01.15"]
[Round "2"]
[White "Xiong, Jeffery"]
[Black "Van Foreest, Jorden"]
[Result "1-0"]
[ECO "E62"]
[WhiteElo "2667"]
[BlackElo "2612"]
[Annotator "ChessBase"]
[PlyCount "127"]
[EventDate "2017.??.??"]
[EventType "tourn"]
[EventCountry "NED"]
[SourceTitle "playchess.com"]
[Source "ChessBase"]
[TimeControl "40/6000+30:20/3000+30:900+30"]

1. d4 d6 2. Nf3 Nf6 3. c4 g6 4. g3 Bg7 5. Bg2 O-O 6. Nc3 Nc6 7. O-O Bf5 8. d5 Na5 9. Nh4 Bd7 10. Qd3 c5 11. Bd2 a6 12. b3 b5 13.
Rab1 Rb8 14. Ne4 Nxe4 15. Bxe4 e5 16. dxe6 Bxe6 17. Bd5 Bxd5 18. Qxd5 Qb6 19. Qd3 Nc6 20. Ng2 a5 21. Bf4 Rfe8 22. Rfd1 Nd4 23. e3 Nf3+ 24. Kh1 Ne5 25. Bxe5 Bxe5 26. Kg1 Qc6 27. Rbc1 a4 28. Rc2 bxc4 29. bxc4 Rb4 30. Ne1 Reb8 31. f4 Bg7 32. Qxd6 Qxd6 33. Rxd6 a3 34. Kf1 Rb1 35. Ke2 h5 36. Rd1 R1b2 37. Rd3 Ra8 38. Kd2 Bf6 39. e4 Rb1 40. Rc1 Rbb8 41. Ke2 Bd4 42. Nf3 Rb2+ 43. Rd2 Bf6 44. Ne1 Bd4 45. Nf3 Bf6 46. Ne1 Bd4 47. e5 Rb4 48. Nf3 Bb2 49. Rcc2 Raa4 50. Rd8+ Kg7 51. Rd7 Kg8 52. Ng5 Rxc4 53. Rxc4 Rxc4 54. Nxf7 Bd4 55. e6 Bf6 56. Nh6+ Kh8 57. Nf7+ Kg8 58. Ne5 Rc2+ 59. Kf3 Rxa2 60. e7 Bxe7 61. Rxe7 Rxh2 62. Ra7 a2 63. Nxg6 c4 64. f5 1-0